AoeStats
← CSBJhonnyCreep

Oasis

507072148Analyzed
2v2 RM · 16d ago on Sep 16, 2026· 36m 30s· 4 players
Game mode
Random Map
Map size
Medium (4 player)
Population
200
Speed
Normal
Resources
Standard
Victory
Conquest
Starting age
Dark Age
Ending age
Imperial Age
RankedLock teamsTeams togetherTeam positionsShared explorationLock speedFull tech treeHidden civsTurbo modeCheats
Victory
Defeat
🇻🇳 Franks · Vietnam
718
+14
🇨🇱 Bohemians · Chile
686
+16
🇸🇰 Teutons · Slovakia
676
-15
🇸🇰 Lithuanians · Slovakia
674
-15
AnnieQN
6:59 Loom
11:11 Feudal Age
11:53 Double-Bit Axe
19:38 Castle Age
17:50 Gold Mining
24:48 Scale Barding Armor
25:33 Forging
26:21 Chain Barding Armor
27:25 Iron Casting
CSBJhonnyCreep
0:44 Loom
2:02 Loom
15:09 Feudal Age
15:37 Man-at-Arms
16:03 Arson
25:23 Castle Age
23:29 Horse Collar
23:36 Double-Bit Axe
26:07 Squires
27:13 Town Watch
29:24 Pikeman
34:54 Bow Saw
samcút_NT
9:48 Feudal Age
8:04 Loom
10:14 Horse Collar
10:21 Double-Bit Axe
14:30 Gold Mining
20:01 Castle Age
19:25 Stone Mining
20:37 Bloodlines
21:48 Heavy Plow
22:14 Bow Saw
22:28 Husbandry
34:10 Stone Shaft Mining
Dr. Radko
6:15 Loom
9:43 Feudal Age
19:16 Castle Age
26:58 Padded Archer Armor
26:48 Fletching
29:02 Crossbowman
33:15 Squires
35:42 Pikeman
Connection lost

Rejoining the realm…

Still unreachable

The connection could not be restored.

Session expired

The server has moved on; the page needs a fresh start.